Cogmind - Beta 13 @@@ ROGUE MODE // 2024.06.07 @ 22:34:44 Player: Kisscool Result: Destroyed by G-34 Mercenary with Small Laser Performance ------------- Evolutions (0) 0 Regions Visited (2) 400 Robots Destroyed (17) 85 Value Destroyed (152) 152 Prototype IDs (0) 0 Alien Tech Used (0) 0 Bonus (0) 0 TOTAL SCORE: 637 Bonus ------- None Cogmind --------- Core Integrity 0/250 Matter 300/300 Energy 63/100 System Corruption 1% Temperature Cool (6) Movement Core (200) Ox3 Location -10/Mines Parts ------- > --- POWER (1) -------- (None) > --- PROPULSION (2) --- (None) > --- UTILITY (2) ------ Small Storage Unit Improved Trap Extractor (0/6) > --- WEAPON (2) ------- Makeshift Hammer > --- INVENTORY (8) ---- Light Ion Engine Improved Terrain Scanner Seismic Detector Weapon Shielding Light Armor Plating Improved Light Armor Plating Beamcaster Light Assault Rifle Peak State ------------ > --- POWER ------------ Light Ion Engine > --- PROPULSION ------- Hover Unit Hover Unit > --- UTILITY ---------- Small Storage Unit Improved Trap Extractor > --- WEAPON ----------- Field Laser Makeshift Hammer > --- INVENTORY -------- Light Ion Engine Improved Terrain Scanner Seismic Detector Weapon Shielding Light Armor Plating Improved Light Armor Plating Beamcaster Light Assault Rifle [Rating: 16] Favorites ----------- Power Light Ion Engine Engine Light Ion Engine Propulsion Hover Unit Wheel Wheel Hover Unit Hover Unit Utility Small Storage Unit Device Improved Trap Extractor Storage Small Storage Unit Weapon Light Assault Rifle Energy Gun Medium Laser Ballistic Gun Light Assault Rifle Special Weapon Mining Laser Impact Weapon Makeshift Hammer Build | -11 -10 -10 ------- Run | Yrd Mat Min Slots Evolved . | . . . Power . | . . . Propulsion . | . . . Utility . | . . . Weapon . | . . . Parts Attached 25 | 7 8 10 Power 2 | 1 . 1 Engine 2 | 1 . 1 Core . | . . . Reactor . | . . . Propulsion 8 | 2 4 2 Treads . | . . . Leg . | . . . Wheel 4 | 2 2 . Hover 4 | . 2 2 Flight . | . . . Utility 6 | 2 1 3 Device 5 | 1 1 3 Storage 1 | 1 . . Processor . | . . . Hackware . | . . . Protection . | . . . Artifact . | . . . Weapon 9 | 2 3 4 Energy Gun 3 | 1 1 1 Energy Cannon . | . . . Ballistic Gun 3 | 1 1 1 Ballistic Cannon . | . . . Launcher . | . . . Special Weapon 2 | . 1 1 Impact Weapon 1 | . . 1 Slashing Weapon . | . . . Piercing Weapon . | . . . Special Melee Weapon . | . . . Unidentified Prototypes . | . . . Parts Lost 10 | . . 10 Power 1 | . . 1 Propulsion 4 | . . 4 Utility 1 | . . 1 Weapon 4 | . . 4 Highest Loss Streak 4 | . . 4 To Critical Strikes . | . . . Average Slot Usage (%) 95 | . 98 94 Engine 14 | . 14 14 Wheel 1 | . 5 . Hover 23 | . 22 24 Device 13 | . 14 13 Storage 14 | . 14 14 Energy Gun 15 | . 23 13 Ballistic Gun 8 | . 5 10 Special Weapon 1 | . . 1 Impact Weapon 1 | . . 2 Naked Turns . | . . . Heaviest Build 17 | 12 13 17 Greatest Support 26 | 26 26 12 Greatest Overweight (x) 3 | . 1 3 Average Overweight (x) . | . . . Largest Inventory Capacity 8 | 8 8 8 Average Capacity 7 | 7 8 8 Most Carried 8 | 7 8 8 Average Carried 6 | . 7 7 Final Capacity 8 | 8 8 8 Final Carried 8 | 7 8 8 Class Distribution -------------------- 100% | Mutant Dominant Class ---------------- Mutant | -10/Materials Mutant | -10/Mines Resources | -11 -10 -10 ----------- Run | Yrd Mat Min Matter Collected 454 | 266 . 188 Remotely . | . . . Salvage Created 289 | 92 . 197 Parts 40 | 13 . 27 Haulers Intercepted . | . . . Recyclers Shooed . | . . . Parts Field Recycled . | . . . Retrieved Matter . | . . . Parts Self-Destructed . | . . . Prevented . | . . . Kills | -11 -10 -10 ------- Run | Yrd Mat Min Combat Hostiles Destroyed 12 | . . 12 Melee 1 | . . 1 Guns 11 | . . 11 Classes Destroyed 3 | 1 . 2 Tunneler 6 | 5 . 1 Swarmer 11 | . . 11 Assembled 1 | . . 1 Best Kill Streak 5 | 5 . 4 Combat Bots Only 3 | . . 3 Max Kills in Single Turn 2 | 1 . 2 Gunslinging . | . . . Exploded . | . . . Melee 1 | . . 1 Uniques/NPCs Destroyed . | . . . Combat | -11 -10 -10 -------- Run | Yrd Mat Min Hostile Shots Fired 82 | . . 82 Missed 18 | . . 18 Damage Taken 799 | . . 799 Core 256 | . . 256 Absorbed by Shields . | . . . Core Remaining (%) 100 | 100 . . Volleys Fired 42 | 10 1 31 Largest 2 | 2 1 2 Hottest 100 | 70 100 90 Shots Fired 70 | 15 1 54 Gun 69 | 15 . 54 Cannon . | . . . Launcher . | . . . Special 1 | . 1 . Kinetic 31 | 6 . 25 Thermal 33 | 9 1 23 Explosive . | . . . Electromagnetic 6 | . . 6 Robot Hit Streak 6 | 4 . 6 Robot Miss Streak 6 | 2 . 6 Penetration Max . | . . . Secondary Targets . | . . . Shots Hit Robots 44 | 9 . 35 Core Hits 21 | 6 . 15 Critical Kills . | . . . Critical Parts Destroyed . | . . . Critical Strikes . | . . . Melee Attacks 21 | . . 21 Impact 21 | . . 21 Slashing . | . . . Piercing . | . . . Sneak Attacks . | . . . Combat Hostiles . | . . . Follow-up Attacks . | . . . Damage Inflicted 690 | 101 . 589 Guns 439 | 101 . 338 Cannons . | . . . Explosions . | . . . Melee 251 | . . 251 Ramming . | . . . Kinetic 119 | 13 . 106 Thermal 274 | 88 . 186 Explosive . | . . . Electromagnetic 46 | . . 46 Impact 251 | . . 251 Slashing . | . . . Piercing . | . . . Highest Corruption 1 | . . 1 Average Corruption 1 | . . 1 Corruption Purged . | . . . Corruption Blocked . | . . . Effects 2 | . . 2 Message Errors 2 | . . 2 Overload Shots . | . . . Overflow Damage 3 | . . 3 Projectiles . | . . . Explosions . | . . . Melee 3 | . . 3 Knockbacks 1 | . . 1 Impact 1 | . . 1 Kinetic . | . . . Secondary . | . . . Self-Inflicted Damage . | . . . Shots . | . . . Rammed . | . . . Targets Rammed . | . . . Kicked . | . . . Crushed . | . . . Highest Temperature 166 | 80 20 166 Average Temperature 58 | 39 12 64 Received Heat Transfer 122 | . . 122 Siege Activations . | . . . Robots Corrupted . | . . . Combat Hostiles . | . . . Parts Fried . | . . . Impact Corruptions 1 | . . 1 Robots Melted . | . . . Combat Hostiles . | . . . Parts Melted . | . . . Heat Transferred 814 | 259 . 555 Parts Sabotaged . | . . . Parts Stolen . | . . . Parts Stripped . | . . . Power Chain Reactions . | . . . Alert | -11 -10 -10 ------- Run | Yrd Mat Min Peak Influence 256 | 25 17 256 Initial 16 | . 16 6 Average 130 | 10 16 207 Maximum Alert Level 1 | . . 1 Low Security (%) 53 | 100 100 23 Level 1 46 | . . 76 Level 2 . | . . . Level 3 . | . . . Level 4 . | . . . Level 5 . | . . . High Security . | . . . Max Security . | . . . Squads Dispatched . | . . . Investigation . | . . . Extermination . | . . . Reinforcement . | . . . Assault . | . . . Garrison . | . . . Intercept . | . . . Searches Triggered . | . . . Construction Impeded . | . . . Haulers Reinforced . | . . . Active Scanning Responses . | . . . Cargo Convoy Interrupts . | . . . Stealth | -11 -10 -10 --------- Run | Yrd Mat Min Distress Signals . | . . . Communications Jammed . | . . . Distress Signals . | . . . Times Spotted 25 | . 2 23 Peak Tracking Total 14 | . 2 14 Tactical Retreats 3 | . . 3 Traps | -11 -10 -10 ------- Run | Yrd Mat Min Traps Triggered 1 | . . 1 Indirectly . | . . . Trap Hack Attempts . | . . . Triggered . | . . . Disarmed . | . . . Reprogrammed . | . . . Reused . | . . . Traps Extracted . | . . . Installed . | . . . Triggered . | . . . Machines | -11 -10 -10 ---------- Run | Yrd Mat Min Machines Disabled . | . . . Max in Single Turn . | . . . Machines Repaired . | . . . Machines Dismantled . | . . . Machines Sabotaged . | . . . Overloaded Fab Kills . | . . . Hacking | -11 -10 -10 --------- Run | Yrd Mat Min Machines Accessed 1 | . . 1 Terminals . | . . . Fabricators . | . . . Repair Stations . | . . . Recycling Units . | . . . Scanalyzers . | . . . Garrison Access . | . . . Total Hacks 1 | . . 1 Successful 1 | . . 1 Failed . | . . . Catastrophic . | . . . Database Lockouts . | . . . Manual . | . . . Terminals . | . . . Fabricators . | . . . Repair Stations . | . . . Recycling Units . | . . . Scanalyzers . | . . . Garrison Access . | . . . Terminal Hacks 1 | . . 1 Open Door 1 | . . 1 Fabricator Hacks . | . . . Repair Station Hacks . | . . . Recycling Unit Hacks . | . . . Scanalyzer . | . . . Garrison Access Hacks . | . . . Unauthorized Hacks . | . . . Terminals . | . . . Fabricators . | . . . Repair Stations . | . . . Recycling Units . | . . . Scanalyzers . | . . . Garrison Access . | . . . Data Cores Recovered . | . . . Used . | . . . Hacking Detections . | . . . Full Trace Events . | . . . Feedback Events . | . . . Feedback Blocked . | . . . Robot Schematics Acquired . | . . . Robots Built . | . . . Authchips . | . . . Time . | . . . Total Robot Build Rating . | . . . Part Schematics Acquired . | . . . Parts Built . | . . . Authchips . | . . . Time . | . . . Total Part Build Rating . | . . . Parts Repaired . | . . . Time . | . . . Parts Recycled . | . . . Recycled Matter . | . . . Retrieved Matter . | . . . Retrieved Components . | . . . Parts Scanalyzed . | . . . Part Schematics Acquired . | . . . Parts Damaged . | . . . Bothacking | -11 -10 -10 ------------ Run | Yrd Mat Min Used RIF Installer . | . . . Robots Hacked . | . . . Non-combat . | . . . Combat . | . . . Robot Hacks Applied . | . . . Relay Couplers Released . | . . . Fabnet Peak Effective % . | . . . Robots Rewired . | . . . Allies Hacked . | . . . Hacks Repelled . | . . . Allies | -11 -10 -10 -------- Run | Yrd Mat Min Total Allies 3 | . . 3 Largest Group 3 | . . 3 Highest-Rated Group 40 | . . 40 Highest-Rated Ally 16 | . . 16 Total Orders . | . . . Ally Attacks 5 | . . 5 Total Damage 67 | . . 67 Kills . | . . . Allies Corrupted . | . . . Allies Melted . | . . . Intel | -11 -10 -10 ------- Run | Yrd Mat Min Robot Analysis Total . | . . . Derelict Logs Recovered 1 | . . 1 Drone Launches . | . . . Drone Recoveries . | . . . Exploration | -11 -10 -10 ------------- Run | Yrd Mat Min Turns Passed 668 | 119 145 404 Spaces Moved 481 | 88 127 266 Core 11 | 5 . 6 Treads . | . . . Legs . | . . . Wheels 103 | 83 20 . Hover 367 | . 107 260 Flight . | . . . Fastest Speed 50 | 50 56 56 Average Speed 92 | 87 95 92 Slowest Speed 200 | 100 116 200 Overloaded Moves . | . . . Propulsion Burnouts . | . . . Robots Hopped 1 | . . 1 Cave-ins Triggered . | . . . Exploration Rate (%) 28 | 3 22 60 Regions Visited 2 Branch Regions 1 Pre-discovered Areas . | . . . Known Exits Taken . | . . . Unknown Exits Taken 2 | 1 1 . Scrap Searched 2 | . . 2 Spaces Dug 1 | . 1 . Terrain Destroyed 1 | . 1 . Melee . | . . . Projectile 1 | . 1 . AOE . | . . . Terrain Rammed . | . . . Walls Destroyed . | . . . Machines Disabled . | . . . Actions | -11 -10 -10 --------- Run | Yrd Mat Min Total 618 | 113 149 356 Wait 14 | . . 14 Move 477 | 87 126 264 Hop 1 | . . 1 Pick Up 25 | 9 6 10 Fast Attach 8 | 5 2 1 Attach 12 | 2 4 6 Detach 1 | . 1 . Swap 5 | . 2 3 Drop 12 | . 7 5 Fire 42 | 10 1 31 Melee 21 | . . 21 Ram . | . . . Kick . | . . . Crush . | . . . Escape Stasis . | . . . Rewire . | . . . Trap . | . . . Miscellaneous . | . . . Route ------- -11/Scrapyard -10/Materials -10/Mines (discovered 2 exits: [*Mat x2]) History --------- Turn | Location | Event 5 | -11/Scrapyard | Discovered new exit (range 15) 120 | -11/Scrapyard | Entered Materials 120 | -10/Materials | Discovered new exit (range 16) 265 | -10/Materials | Entered Mines 350 | -10/Mines | Build established: Mutant 359 | -10/Mines | Discovered new exit (range 7) 377 | -10/Mines | Discovered new exit (range 7) 442 | -10/Mines | Lost 3 parts (2n1w) 451 | -10/Mines | Assisted by bots powering up and referring to "LRC-V3" 471 | -10/Mines | Met a Derelict who couldn't figure out how to use a Trap Extractor 479 | -10/Mines | Core integrity fell below 50% 531 | -10/Mines | Learned location of 1 exit from Materials 549 | -10/Mines | A weapon hastily lodged in a ceiling crevice suddenly fell to the ground 623 | -10/Mines | Assembled infested the area 666 | -10/Mines | Core integrity fell below 20% 669 | -10/Mines | Destroyed by G-34 Mercenary with Small Laser Last Messages --------------- 00552_ Acquired Mak. Hammer. 00566_ QLIP7>MZPXDBDBPRXVMYVQXPCV#F#MV>KJJ6NVF 00614_ Destroyed Lgt. Nuclear Core. 00614_ G-47 Trooper system corrupted by crushing effect. 00614_ G-47 Trooper suffers critical hit (Burn). 00623_ ALERT: Infestation in the mines, dispatching Demolisher response squad. 00625_ Trooper 1a destroyed. 00627_ K-01 Serf collects debris. 00627_ K-01 Serf destroyed. 00630_ G-34 Mercenary knocked back. 00641_ Trooper 1b destroyed. 00641_ Acquired 10 matter. 00643_ Mercenary 1a destroyed. 00659_ Hover Unit destroyed. 00666_ Field Laser destroyed. 00667_ as-28848 destroyed. 00667_ Lgt. Ion Engine destroyed. 00668_ Hover Unit destroyed. Map ----- +----------------------------------------------------+ | | | | | | | | | | | | | ?????????????????????????????????????????????????? | | ?????????????????????????????????????????????????? | | ?????????????????????????????????????????????????? | | ?????????????????????????????????????????????????? | | ?????????????????????????????????????????????????? | | ?????????????????????????????????????????????????? | | ?????????????????????????????????????????????????? | | ?????????????????????????????????????????????????? | | ?????????????????????????????????????????????????? | | ?????????????????????????#???????????????????????? | | ????????????????????????? ???????????????????????? | | ????????????????????????# #??????????????????????? | | ????????????????????????# #?????####?????????????? | | ????????????????????????# #????? ##????????????? | | ????????????????????????# #????? #????????????? | | ????????????????????????# #????? ########?????? | | ????????????????????????#a ????? ??????? | | ????????????????????????#a#????? ????????? | | ???? ???????????????????# #?????% #??????????? | | ??# ???????????????????#@#???## #??????????? | | ??# ???????????????????# ##### ! ##?????????? | | ??# #??????????????????#ga!%* =% ####??????? | | ??# ##????????????????####### %= #??????? | | ??? #?????????????????###### #?????? | | ??? ##????????????????# """ #????? | | ??? ##???????????????# ## """????????? | | ???# #????????##?????# ### """????????? | | ???# #???????? #?????# #?## #??????? | | #??? #???????? #?????# #???# ##??????? | | #??? ???????? #????## ##??? ##???????? | | #???# ???????# #???## ##?? ####????????? | | ##??# ???????# #???# ##?# ##???????????? | | ##?# # ??????## #???# ##?###????????????? | | #?# # #?????## ##??# ##???????????????? | | ### # ####### #??# #???????????????? | | ## # ## #??# [ #??????????????? | | # ## #???# ###%= #?????????????? | | # ## ### #???# #?#* #?????#####???? | | #?## ##### #?# ########* ##??? | | # ######??## #?#== ##### ## ==[#??? | | # #????????##########?#!%###??# = =#??? | | # #???????????????????#*|#????# ##??? | | ##??????????????????# #???## ####???? | | #??????????????????# #???# ##??????? | +----------------------------------------------------+ Best States ------------- Heat Dissipation 25 Energy Generation 10 Energy Capacity 125 Matter Stores 300 Matter Capacity 300 Sight Range 16 Robot Scan Range 14 Terrain Scan Range 16 Terrain Scan Density 10 Evasion (%) 53 Trap Extractor Capacity 6 Item Schematics ----------------- None Robot Schematics ------------------ None Fabricated ------------ Nothing Alien Tech Used ----------------- None Achievements -------------- None Challenges ------------ None Game ------ Seed ImpulseSalvageSource Manual? 0 Play Time 00:25:41 Cumulative 38.6 hours Start 2024.06.07 @ 21:44:22 End 2024.06.07 @ 22:34:44 Sessions 1 Manual Loads 0 Difficulty Rogue Special Mode None Game No. 21 Rogue 21 Adventurer 0 Explorer 0 Win Type - Total 0 Types 0/0/0/0/0/0/0/0/0 Lore% 16 Gallery% 32 Achievement% 25 Wizard Run 0 Options --------- Layout 1 ASCII 0 Keyboard 0 Movement Numpad Keybinds 0 Fullscreen 2 Font 24/Smallcaps Map View 50x35 Zoom Use 0% Tactical HUD 1 Map Filters NONE Filters NONE Steam 1 RUN: a25c6b94-2226-44f4-8ea4-23faeb05c220